 Dungeon Crawl Stone Soup version 0.27-a0-1308-gc08437e (webtiles) character file.

Game seed: 905021658271712290

66 HDogLeCool the Chopper (level 3, -1/49 HPs)
             Began as a Draconian Berserker on June 18, 2021.
             Was a Believer of Trog.
             Splashed by a jelly's acid (3 damage)
             ... on level 2 of the Dungeon.
             The game lasted 00:02:51 (1570 turns).

HDogLeCool the Chopper (Draconian Berserker)        Turns: 1570, Time: 00:02:52

Health: -1/49      AC: -3    Str: 20    XL:     3   Next: 96%
Magic:  3/3        EV: 12    Int:  7    God:    Trog [**....]
Gold:   66         SH:  0    Dex: 10    Spells: 2/2 levels left

rFire    . . .     SeeInvis .   i - +0 war axe
rCold    . . .     Faith    .   (no shield)
rNeg     . . .     Spirit   .   (armour unavailable)
rPois    .         Reflect  .   (helmet restricted)
rElec    .         Harm     .   (no cloak)
rCorr    .         Rampage  .   (no gloves)
Will     +....                  (no boots)
Stlth    ..........             (no amulet)
HPRegen  0.16/turn              j - ring of willpower
MPRegen  0.08/turn              (no ring)

@: berserking, corroded, very quick
A: AC +5, unfitting armour, cold-blooded
a: Renounce Religion, Berserk, Trog's Hand


You were on level 2 of the Dungeon.
You worshipped Trog.
Trog was pleased with you.
You visited 1 branch of the dungeon, and saw 2 of its levels.

You collected 66 gold pieces.

Inventory:

Hand Weapons
 a - a +0 hand axe
 i - a +0 war axe (weapon)
Jewellery
 j - a ring of willpower (left hand)
Scrolls
 b - 2 scrolls of fear {unknown}
 d - 2 scrolls of identify {unknown}
 e - a scroll of enchant armour {unknown}
 f - a scroll of noise {unknown}
 h - a scroll of immolation {unknown}
Potions
 c - 2 potions of resistance {unknown}
 g - a potion of heal wounds {unknown}


   Skills:
 + Level 3.9 Fighting
 * Level 4.0 Axes
 + Level 3.2 Dodging


You had 2 spell levels left.
You didn't know any spells.
Your spell library was empty.

Dungeon Overview and Level Annotations

Branches:
Dungeon (2/15)

Altars:


Innate Abilities, Weirdness & Mutations

Your plain brown scales are hard. (AC +5)
You cannot fit into any form of body armour.
You are cold-blooded and may be slowed by cold attacks.


Message History

You feel yourself slow down.
You start resting.
HP restored.
You start waiting.
You feel yourself speed up.
b - 2 scrolls labelled GYRUEG TING (gained 1)
You see here a +0 club.
You recover from your berserk rage.
You now have 66 gold pieces (gained 17).
A hobgoblin comes into view.
The hobgoblin shouts!
You slash the hobgoblin!
You kill the hobgoblin!
Trog accepts your kill.
No target in view!
You see here a hobgoblin corpse.
Found a stone staircase leading down.
Found 11 bolts.
A jelly comes into view.
The jelly quivers.
You hit the jelly. The acid corrodes you!
Your hands burn!
The jelly is lightly wounded.
The jelly closely misses you.
You slash the jelly!
Your hands burn!
The jelly is heavily wounded.
The jelly completely misses you.
You hit the jelly but do no damage. The acid corrodes you!
Your hands burn!
The jelly is heavily wounded.
The jelly hits you.
You are splashed with acid!
The jelly barely misses you.
You are too injured to fight recklessly!
A red film seems to cover your vision as you go berserk!
You feel yourself moving faster!
You feel mighty! The jelly hits you.
* * * LOW HITPOINT WARNING * * *
You are splashed with acid!
* * * LOW HITPOINT WARNING * * *
You hit the jelly but do no damage.
Your hands burn!
* * * LOW HITPOINT WARNING * * *
The jelly is heavily wounded.
You hit the jelly.
Your hands burn!
You die...

#########
.........
###..####
#####
.....###
(...###
#.......
#.....#
.....###
#J#.#.#
.....####.#
#@#>#.#
.........>#
#.#.#.#
......######
#.#.#.#
...##......#
#.....#
##.##......#
###.###
.....<.....#
#.#
#.###......#
####.#
#.###......#
#....#
......######
#.####


You could see a jelly.

Vanquished Creatures
  An iguana (D:2)
  An adder (D:2)
  A bat (D:1)
  An endoplasm (D:1)
  3 giant cockroaches (D:2)
  3 goblins
  4 hobgoblins
  4 jackals (D:1)
  3 kobolds (D:1)
  2 quokkas
  2 ball pythons
  3 rats
28 creatures vanquished.

Notes
Turn   | Place    | Note
-------+----------+-------------------------------------------
     0 | D:1      | HDogLeCool the Draconian Berserker began the quest for the
                  | Orb.
     0 | D:1      | Reached XP level 1. HP: 19/19 MP: 1/1
   276 | D:1      | Reached XP level 2. HP: 26/26 MP: 2/2
   917 | D:2      | Reached XP level 3. HP: 32/33 MP: 3/3
  1407 | D:2      | Reached skill level 4 in Axes
  1408 | D:2      | Reached ** piety under Trog
  1569 | D:2      | HP: 2/49 [acid (1)]
  1570 | D:2      | Splashed by a jelly's acid

Illustrated notes

Levels and vault maps discovered:
D:1:      psy_arrival_terrarium, layout_loops_ring, minmay_tromino_v4_c
D:2:      layout_loops_cross, serial_rivers, chequers_serial_rivers_small_a,
          chequers_serial_rivers_small_3, chequers_serial_rivers_small_a,
          chequers_serial_rivers_marsh, chequers_serial_rivers_micro_b,
          chequers_serial_rivers_micro_d, corner_web_ring

Skill      XL: |  1  2  3 |
---------------+----------+-----
Dodging        | 3 |  3.2
Axes           | 4 |  4.0
Fighting       | |  3.9

Action                   || total
-------------------------++-------
Melee: Hand axe          ||    48
       Tailslap          ||     5
       War axe           ||    35
Invok: Berserk           ||     3
Armor: Skin              ||    22
Dodge: Dodged            ||    64

Table legend: (Time is in decaauts)
 A = Elapsed time spent in this place.
 B = Non-inter-level travel time spent in this place.
 C = Inter-level travel time spent in this place.
 D = Time resting spent in this place.
 E = Time spent auto-exploring this place.
 F = Levels seen in this place.
 G = Mean time per level.
                   A        B        C        D        E       F      G
               +--------+--------+--------+--------+--------+-----+--------+
         Total |   1607 |   1574 |     33 |    218 |   1149 |   2 |  803.5 |
       Dungeon |   1607 |   1574 |     33 |    218 |   1149 |   2 |  803.5 |
               +--------+--------+--------+--------+--------+-----+--------+

Top non-repeatable levels by time:
     D:1: 853 daAuts
     D:2: 754 daAuts
